 Dungeon Crawl Stone Soup version 0.25-a0-707-g603da076d2 (webtiles) character file.

Game seed: 16827072337873398075, levelgen mode: deterministic

3 sanka the Ducker (level 1, -1/9 HPs)
             Began as a Felid Wanderer on Apr 4, 2020.
             Slain by a goblin (4 damage)
             ... on level 1 of the Dungeon.
             The game lasted 00:00:34 (166 turns).

sanka the Ducker (Felid Wanderer)                    Turns: 166, Time: 00:00:34

Health: -1/9       AC:  1    Str:  7    XL:     1   Next: 41%
Magic:  1/2        EV: 18    Int: 13    God:
Gold:   0          SH:  0    Dex: 16    Spells: 0/0 levels left
                                        Lives:  0   Deaths: 0

rFire    . . .     SeeInvis +     - Unarmed
rCold    . . .     Gourm    .   (shield unavailable)
rNeg     . . .     Faith    .   (armour unavailable)
rPois    .         Spirit   .   (helmet unavailable)
rElec    .         Reflect  .   (cloak unavailable)
rCorr    .         Harm     .   (gloves unavailable)
MR       .....                  (boots unavailable)
Stlth    ++........             (no amulet)
HPRegen  0.03/turn              (no ring)
MPRegen  0.08/turn              (no ring)

@: very slightly contaminated, quick
A: very small, no armour, no weapons or thrown items, stealth, claws 1, fangs 3,
see invisible, carnivore, speed 1, shaggy fur 1, slow metabolism 1, sharp paws
a: no special abilities


You were on level 1 of the Dungeon.
You were not hungry.

You visited 1 branch of the dungeon, and saw 1 of its levels.


Innate Abilities, Weirdness & Mutations

You cannot wear armour.
You are incapable of wielding weapons or throwing items.
Your paws allow you to move quietly. (Stealth)
You have sharp claws.
You have razor-sharp teeth.
You have supernaturally acute eyesight. (SInv)
You are carnivorous and can eat meat at any time.
You cover ground quickly.
You are covered in fur. (AC +1)
You have a slow metabolism.
Your sharp claws are effective at attacking unaware monsters.


   Skills:
 - Level 1.0 Fighting
 - Level 2.6 Dodging
 - Level 1.3 Stealth
 - Level 2.0 Unarmed Combat
 + Level 0.2 Spellcasting
 + Level 1.3 Transmutations
 + Level 1.9 Poison Magic
   Level 1.1 Evocations


You couldn't memorise any spells.
You knew the following spells:

 Your Spells              Type           Power        Failure   Level  Hunger
z - Sting                 Tmut/Pois      #...         16%         1    ##.....

Your spell library contained the following spells:

 Spells                   Type           Power        Failure   Level  Hunger
 Mephitic Cloud           Conj/Pois/Air  #.......     56%         3    ####...

Inventory:

Scrolls
 d - a scroll of teleportation {unknown}
Potions
 a - a potion of curing {unknown}
 b - a potion of lignification {!q}
Comestibles
 c - a ration

Dungeon Overview and Level Annotations

Branches:
Dungeon (1/15)

Altars:

▒.....▒ ▒▒▒▒▒▒▒▒▒
▒.....▒ ▒.........▒
▒.....▒ ▒.........▒
▒▒▒.....▒ ▒.†.......▒
........▒▒▒▒.........▒
▒.....▒.(..........▒
▒▒▒▒.......▒▒K........▒
▒▒.....K..▒▒▒▒.........▒
..........▒ ▒..hg.....▒
▒▒▒....▒▒▒▒▒▒▒▒▒▒▒.▒▒▒▒
▒▒............. ...
..........▒▒▒▒▒▒▒▒.▒g
▒▒▒▒.......▒▒ ▒.▒.▒
▒........▒ ▒.▒.▒
▒......▒.▒ ▒.▒.▒
▒......▒.▒▒▒▒▒▒.▒.▒
▒▒▒▒▒........▒▒.▒.▒


You could see a goblin and a kobold.


Message History

You scratch the leopard gecko.
You kill the leopard gecko!
You start resting.
Magic restored.
A kobold comes into view.
A kobold is nearby!
The kobold shouts!
The kobold throws a stone.
The stone hits you.
* * * LOW HITPOINT WARNING * * *
The kobold throws a stone.
The stone hits you but does no damage.
The kobold throws a stone.
The stone misses you.
A goblin comes into view.
You start resting.
The goblin is too close now for your liking.
Aiming: Sting (safe; 16% risk of failure)
Aim: a goblin, wearing a +0 leather armour You miscast Sting.
You are very lightly contaminated with residual magic.
Nothing appears to happen.
You scratch the goblin.
The goblin is moderately wounded.
The goblin closely misses you.
You barely miss the goblin. Your bite misses the goblin.
The goblin is moderately wounded.
The goblin hits you.
You die...

Action                   || total
-------------------------++-------
Melee: Unarmed           ||     9
 Cast: Sting             ||     2
Dodge: Dodged            ||     7

Levels and vault maps discovered:
D:1:      dpeg_arrival_tiny_f, layout_rooms

Notes
Turn   | Place    | Note
-------+----------+-------------------------------------------
     0 | D:1      | sanka the Felid Wanderer began the quest for the Orb.
     0 | D:1      | sanka set off with the following items: a potion of
                  | lignification {!q}, a ration; and the following spell
                  | memorised: Sting; and the following spells available to
                  | memorise: Mephitic Cloud
     0 | D:1      | Reached XP level 1. HP: 9/9 MP: 2/2
   166 | D:1      | Slain by a goblin

Vanquished Creatures
  A leopard gecko (D:1)
  A giant cockroach (D:1)
2 creatures vanquished.
